 Dungeon Crawl Stone Soup version 0.17-a0-2070-g2a5e0a8 (webtiles) character file.

5210 Bubnilka the Cleaver (level 10, -7/91 HPs)
             Began as a Minotaur Fighter on Oct 14, 2015.
             Was a Follower of Qazlal.
             Mangled by a seven-headed hydra (12 damage)
             ... on level 9 of the Dungeon.
             The game lasted 00:29:13 (7164 turns).

Bubnilka the Cleaver (Minotaur Fighter)             Turns: 7164, Time: 00:29:13

Health: -7/91      AC: 13    Str: 25    XL:     10   Next: 35%
Magic:  5/9        EV:  8    Int:  5    God:    Qazlal [*.....]
Gold:   423        SH: 13    Dex:  9    Spells: 0 memorised, 9 levels left

rFire  . . .     SeeInvis .     a - +0 war axe
rCold  . . .     Clarity  .     b - +0 scale mail
rNeg   + . .     SustAt   .     c - +0 shield
rPois  .         Gourm    .     (helmet restricted)
rElec  .         Spirit   .     h - +2 cloak
rCorr  .         Warding  +     (no gloves)
rMut   .         Stasis   .     p - +0 pair of boots
MR     .....                    f - amulet of warding
Stlth  ..........               (no ring)
                                y - ring of flight

@: lethally poisoned (-7 -> -9), not resistant to hostile enchantments,
extremely unstealthy
A: retaliatory headbutt, horns 2
a: Renounce Religion, Evoke Flight


You were on level 9 of the Dungeon.
You worshipped Qazlal.
Qazlal was aware of your devotion.
You were not hungry.

You visited 2 branches of the dungeon, and saw 10 of its levels.
You also visited: Sewer.

You collected 543 gold pieces.
You spent 120 gold pieces at shops.

Inventory:

Hand Weapons
 a - a +0 war axe (weapon)
Armour
 b - a +0 scale mail (worn)
 c - a +0 shield (worn)
 h - a +2 cloak (worn)
 p - a +0 pair of boots (worn)
Jewellery
 f - an amulet of warding (around neck)
 i - an uncursed amulet of resist corrosion
 n - an uncursed amulet of resist corrosion
 u - an uncursed amulet of stasis
 y - a ring of flight (left hand)
Wands
 v - a wand of confusion (6)
 x - a wand of magic darts (17)
Scrolls
 k - 3 scrolls of identify
 m - a scroll of amnesia
 o - 2 scrolls of holy word {unknown}
 q - a scroll of fog
 s - 3 scrolls of enchant weapon {unknown}
 t - a scroll of blinking
Potions
 l - 2 potions of lignification
 r - 2 potions of brilliance
 z - a potion of invisibility
Miscellaneous
 w - a plain deck of summoning {drawn: 2}
Comestibles
 d - a slice of pizza
 e - 10 bread rations
 g - 3 meat rations


   Skills:
 + Level 9.1 Fighting
 * Level 11.7 Axes
 + Level 9.1 Armour
 + Level 8.9 Shields


You had 9 spell levels left.
You didn't know any spells.

Dungeon Overview and Level Annotations

Branches:
Dungeon (9/15)             Temple (1/1) D:6
   Lair: D:8-11         Orc: D:9-12

Altars:
Ashenzari
Cheibriados
Dithmenos
Elyvilon
Fedhas
Gozag
Kikubaaqudgha
Makhleb
Nemelex Xobeh
Okawaru
Qazlal
Ru
Sif Muna
Trog
Vehumet
Xom
Yredelemnul
Zin
The Shining One

Shops:
D:7 *:**


Innate Abilities, Weirdness & Mutations

You reflexively headbutt those who attack you in melee.
You have a pair of horns on your head.


Message History

You block the six-headed hydra's attack.
The six-headed hydra bites you but does no damage.
The six-headed hydra bites you!
* * * LOW HITPOINT WARNING * * *
You block the six-headed hydra's attack.
The six-headed hydra bites you.
* * * LOW HITPOINT WARNING * * *
The six-headed hydra bites you!
* * * LOW HITPOINT WARNING * * *
You hack one of the six-headed hydra's heads off!
The five-headed hydra grows two more!
You slash the seven-headed hydra!
You headbutt the seven-headed hydra, but do no damage.
The seven-headed hydra is moderately wounded.
You feel sick.
You block the seven-headed hydra's attack. x3
The seven-headed hydra bites you.
* * * LOW HITPOINT WARNING * * *
The seven-headed hydra bites you but does no damage.
The seven-headed hydra bites you!
You die...

####+##
#.....#################
#.......'....#........#
#.......####.'........#
#.......# ###D@......#
#...(†..# #........#
#.......# #.......<+
+....)<.# #........#
#.....[)# #......>.#
######### #........#
##########


You could see a seven-headed hydra.

Vanquished Creatures
  The ghost of Vergil the Covert, a novice VSAs of Dithmenos (D:7)
  Maurice (D:8)
  Joseph (D:8)
  Psyche (D:8)
  A spriggan (D:7)
  Eustachio (D:4)
  A hippogriff (D:7)
  A hungry ghost (D:7)
  A steam dragon (D:9)
  2 orc warriors
  A sky beast (D:8)
  4 ogres
  A phantom (D:8)
  2 centaurs
  2 big kobolds
  Blork the orc (D:4)
  A scorpion (D:5)
  A water moccasin zombie (D:7)
  4 giant frogs
  6 killer bees (D:8)
  5 crimson imps
  A centaur zombie (D:5)
  A jelly (D:5)
  A gnoll shaman (D:5)
  3 centaur skeletons
  Crazy Yiuf (D:3)
  6 hounds
  2 orc priests
  Jessica (D:3)
  4 iguanas
  Natasha (thrice) (D:3)
  5 orc wizards
  6 worker ants
  2 hound skeletons
  11 adders
  10 gnolls
  A worker ant zombie (D:5)
  4 river rats (D:2)
  3 shadow imps (D:5)
  An ooze (D:5)
  2 adder skeletons
  12 giant geckos
  17 orcs
  10 giant cockroaches
  5 hobgoblins
  6 jackals
  13 kobolds
  8 ball pythons
  3 bats
  2 giant cockroach zombies (D:5)
  2 giant gecko zombies (D:5)
  10 giant newts
  12 goblins
  6 quokkas
  2 quokka skeletons
  7 rats
222 creatures vanquished.

Vanquished Creatures (others)
  An orc wizard (D:5)
1 creature vanquished.

Grand Total: 223 creatures vanquished

Notes
Turn   | Place    | Note
--------------------------------------------------------------
     0 | D:1      | Bubnilka the Minotaur Fighter began the quest for the Orb.
     0 | D:1      | Reached XP level 1. HP: 19/19 MP: 0/0
   334 | D:1      | Reached XP level 2. HP: 21/27 MP: 1/1
   380 | D:1      | Reached skill level 4 in Shields
  1053 | D:2      | Found a burning altar of Makhleb.
  1081 | D:2      | Reached XP level 3. HP: 14/33 MP: 2/2
  1117 | D:2      | HP: 1/33 [river rat (2)]
  1627 | D:2      | Reached XP level 4. HP: 40/40 MP: 3/3
  1930 | D:2      | Found an opulent altar of Gozag.
  2083 | D:3      | Found a burning altar of Makhleb.
  2083 | D:3      | Noticed an Executioner
  2086 | D:3      | Noticed a neqoxec
  2086 | D:3      | Noticed a neqoxec
  2113 | D:3      | Noticed Jessica
  2118 | D:3      | Killed Jessica
  2146 | D:3      | Found a blossoming altar of Fedhas.
  2214 | D:3      | Noticed Natasha
  2219 | D:3      | Killed Natasha
  2219 | D:3      | Reached XP level 5. HP: 47/47 MP: 4/4
  2388 | D:3      | Noticed Natasha
  2396 | D:3      | Killed Natasha
  2413 | D:3      | Noticed Crazy Yiuf
  2427 | D:3      | Killed Crazy Yiuf
  2676 | D:3      | Noticed Natasha
  2680 | D:3      | Killed Natasha
  2822 | D:4      | Noticed Eustachio
  2833 | D:4      | Killed Eustachio
  2833 | D:4      | Reached skill level 5 in Fighting
  2833 | D:4      | Reached skill level 5 in Axes
  2833 | D:4      | Reached skill level 5 in Armour
  2833 | D:4      | Reached skill level 5 in Shields
  2833 | D:4      | Reached XP level 6. HP: 47/56 MP: 5/5
  2936 | D:4      | Reached skill level 6 in Axes
  2936 | D:4      | Reached XP level 7. HP: 58/61 MP: 6/6
  3381 | D:4      | Noticed Blork the orc
  3390 | D:4      | Killed Blork the orc
  3427 | D:5      | Entered Level 5 of the Dungeon
  3698 | D:5      | Reached skill level 7 in Axes
  3749 | D:5      | Reached XP level 8. HP: 44/70 MP: 7/7
  3773 | D:5      | Found an ancient bone altar of Kikubaaqudgha.
  4264 | D:5      | Reached skill level 8 in Axes
  4375 | D:6      | Found a staircase to the Ecumenical Temple.
  4669 | D:6      | Found a white marble altar of Elyvilon.
  4687 | D:6      | Found a glowing drain.
  4725 | Sewer    | Entered a sewer
  5437 | Temple   | Entered the Ecumenical Temple
  5467 | Temple   | Became a worshipper of Qazlal Stormbringer
  5509 | D:7      | Found Ynnih's Assorted Antiques.
  5541 | D:7      | Reached skill level 9 in Axes
  5597 | D:7      | Noticed Vergil's ghost (novice VSAs)
  5620 | D:7      | Killed Vergil's ghost
  5620 | D:7      | Reached XP level 9. HP: 33/80 MP: 8/8
  6081 | D:7      | Reached skill level 10 in Axes
  6142 | D:7      | Found Xaetsets's Book Boutique.
  6269 | D:7      | Found Heufun's General Store.
  6276 | D:7      | Bought 2 potions of curing for 60 gold pieces
  6334 | D:7      | Found Orudo Sem's General Store.
  6337 | D:7      | Bought a scroll of identify for 30 gold pieces
  6337 | D:7      | Bought a scroll of identify for 30 gold pieces
  6413 | D:8      | Noticed Psyche
  6421 | D:8      | Paralysed by Psyche for 3 turns
  6427 | D:8      | Killed Psyche
  6491 | D:8      | Reached * piety under Qazlal
  6494 | D:8      | Noticed Maurice
  6494 | D:8      | Reached skill level 11 in Axes
  6565 | D:8      | Killed Maurice
  6565 | D:8      | Reached XP level 10. HP: 27/90 MP: 9/9
  6581 | D:8      | Noticed Joseph
  6599 | D:8      | Killed Joseph
  6779 | D:8      | Found a white marble altar of Elyvilon.
  6913 | D:8      | Reached ** piety under Qazlal
  7054 | D:8      | Found a sparkling altar of Nemelex Xobeh.
  7082 | D:8      | Found a shattered altar of Ashenzari.
  7085 | D:8      | Found a sacrificial altar of Ru.
  7154 | D:9      | Noticed a five-headed hydra
  7164 | D:9      | Mangled by a seven-headed hydra

Vault maps used:
D:1:      dpeg_arrival_chase
D:2:      wad_woods_stonehenge, grunt_gozag_breadcrumbs
D:3:      fedhas_altar_1, makhleb_altar_promises_db, uniq_jessica, uniq_natasha,
          uniq_crazy_yiuf_cottage
D:4:      first_bread, kennysheep_small_square, uniq_eustachio,
          uniq_blork_the_orc
D:5:      minmay_opposing_rooms, kiku_gazebo_pond_becter
D:6:      minmay_temple_entry_from_below_a, basic_altar, gup_sewer_entry_glass
D:7:      serial_shops, shop, shop, shop, nicolae_shop_statue_plus, the_bakery
D:8:      minitemple, kennysheep_mini, elyvilon_altar_4, uniq_joseph,
          uniq_maurice, uniq_psyche
D:9:      david_orc_5, basic_altar
Temple:   circular_temple_12
Sewer:    sewer_frog_island_01

Action                   |  1- 3 |  4- 6 |  7- 9 | 10-12 || total
-------------------------+-------+-------+-------+-------++-------
Melee: War axe           |    95 |   124 |   423 |    87 ||   729
Invok: Upheaval          |       |       |       |     1 ||     1
Evoke: Deck              |       |       |     2 |       ||     2
  Use: Potion            |     1 |     5 |     3 |     4 ||    13
       Scroll            |       |     3 |     8 |     1 ||    12
 Stab: Invisible         |       |     1 |       |       ||     1
  Eat: Chunk             |     2 |     6 |     8 |     2 ||    18
       Beef jerky        |       |       |     1 |       ||     1
       Fruit             |       |       |     3 |       ||     3
       Pizza             |       |       |     1 |       ||     1
